 Dungeon Crawl Stone Soup version 0.18.1-50-g88ac8fd (webtiles) character file.

600 Monkfish the Sneak (level 7, -6/41 HPs)
             Began as a Kobold Assassin on Oct 22, 2016.
             Mangled by an ice beast (7 damage)
             ... on level 5 of the Dungeon.
             The game lasted 00:11:39 (6139 turns).

Monkfish the Sneak (Kobold Assassin)                Turns: 6139, Time: 00:11:39

Health: -6/41      AC:  5    Str: 11      XL:     7   Next: 69%
Magic:  7/7        EV: 13    Int:  7 (9)  God:
Gold:   224        SH:  0    Dex: 16 (18) Spells: 0 memorised, 6 levels left

rFire  . . .     SeeInvis .     a - +2 dagger
rCold  . . .     Gourm    .     i - +0 leather armour
rNeg   . . .     Faith    .     (shield restricted)
rPois  .         Spirit   .     (no helmet)
rElec  .         Dismiss  .     d - +0 cloak
rCorr  .         Reflect  .     k - +0 pair of gloves
SustAt .         Harm     .     (no boots)
MR     +....                    (no amulet)
Stlth  ++++......               (no ring)
                                o - ring of protection from magic

@: very slightly contaminated, somewhat resistant to hostile enchantments,
stealthy
A: carnivore 3
a: no special abilities


You were on level 5 of the Dungeon.
You were not hungry.

You visited 1 branch of the dungeon, and saw 5 of its levels.

You collected 224 gold pieces.

Inventory:

Hand Weapons
 a - a +2 dagger (weapon)
 b - a +2 blowgun
Missiles
 e - 6 poisoned needles (quivered)
 f - 2 curare-tipped needles
Armour
 d - a +0 cloak (worn)
 i - a +0 leather armour (worn)
 k - a +0 pair of gloves (worn)
Jewellery
 o - a ring of protection from magic (left hand)
Scrolls
 c - a scroll of identify
 n - 4 scrolls of remove curse
Potions
 h - a potion of flight
Comestibles
 g - 3 meat rations
 j - a beef jerky


   Skills:
 + Level 3.2 Fighting
 + Level 3.6 Short Blades
 * Level 6.7 Throwing
 - Level 1.2 Dodging
 * Level 7.8 Stealth


You had 6 spell levels left.
You didn't know any spells.

Dungeon Overview and Level Annotations

Branches:
Dungeon (5/15)
 Temple: D:4-7

Altars:
Elyvilon
Makhleb
Okawaru
Qazlal
Ru
Trog
Vehumet

Shops:
D:4 *


Innate Abilities, Weirdness & Mutations

You are small and have problems with some larger weapons.
You are carnivorous and can eat meat at any time.


Message History

You shoot a poisoned needle. The poisoned needle hits the ice beast!
The ice beast is severely wounded.
Firing (i - inventory. (,) - cycle):
e - 8 poisoned needles (quivered)
Press: ? - help, Shift-Dir - straight line, f/p - ice beast
Aim: an ice beast (severely wounded)
You shoot a poisoned needle.
The poisoned needle barely misses the ice beast.
Firing (i - inventory. (,) - cycle):
e - 7 poisoned needles (quivered)
Press: ? - help, Shift-Dir - straight line, f/p - ice beast
Aim: an ice beast (severely wounded)
You shoot a poisoned needle. The poisoned needle hits the ice beast!
The ice beast is severely wounded.
Wield which item (- for none, * to show all)? (? for menu, Esc to quit)
a - a +2 dagger (weapon)
The ice beast hits you but does no damage.
There is an open door here.
You open the door. The ice beast hits you.
* * * LOW HITPOINT WARNING * * *
The ice beast freezes you!
You die...

#....# #.######.###
#....# #..........#
#....# #..........#
##....#####..........#
......(..(.(((.......#
##############'#'#'###
####### #.#.#.# #......
#.#Y#.# #.##.## #.#@#.#
#.##.#
######'#'#.########.##.#
#...................##.#
#..................###.#
#...........######.# #.#
#...........######.# #.#
#..................# #.#
#....[....#.##########.#
#.........+..<......##.#


You could see an ice beast.

Vanquished Creatures
  Edmund (D:4)
  2 hounds (D:4)
  A gnoll shaman (D:4)
  2 orc wizards (D:3)
  Ijyb (D:3)
  9 gnolls (D:4)
  12 adders
  A shadow imp (D:5)
  4 worms
  6 giant geckos
  9 orcs (D:3)
  2 ball pythons
  2 giant cockroaches
  8 goblins
  4 hobgoblins
  8 jackals
  2 quokkas
  A ball python skeleton (D:4)
  7 bats
  7 giant newts
  9 kobolds
  8 rats
106 creatures vanquished.

Notes
Turn   | Place    | Note
--------------------------------------------------------------
     0 | D:1      | Monkfish the Kobold Assassin began the quest for the Orb.
     0 | D:1      | Reached XP level 1. HP: 12/12 MP: 1/1
   312 | D:1      | Reached XP level 2. HP: 9/17 MP: 2/2
   789 | D:1      | Reached skill level 6 in Stealth
   897 | D:1      | Reached XP level 3. HP: 18/22 MP: 3/3
  1367 | D:2      | Reached XP level 4. HP: 20/27 MP: 4/4
  1582 | D:2      | Found a burning altar of Makhleb.
  1582 | D:2      | Noticed a cacodemon
  1608 | D:2      | Noticed a ynoxinul
  1608 | D:2      | Noticed a ynoxinul
  1916 | D:2      | Found a bloodstained altar of Trog.
  2001 | D:2      | Found a sacrificial altar of Ru.
  2027 | D:2      | Reached XP level 5. HP: 18/31 MP: 5/5
  2610 | D:3      | Noticed Ijyb
  2615 | D:3      | Killed Ijyb
  2706 | D:3      | Reached skill level 7 in Stealth
  3028 | D:3      | Found a stormy altar of Qazlal.
  3036 | D:3      | Reached XP level 6. HP: 32/36 MP: 6/6
  3075 | D:3      | Reached skill level 5 in Throwing
  4077 | D:3      | Found a radiant altar of Vehumet.
  4078 | D:3      | Found an iron altar of Okawaru.
  4082 | D:3      | Found a white marble altar of Elyvilon.
  4143 | D:4      | Found Omeok's Assorted Antiques.
  4158 | D:4      | Noticed Edmund
  4187 | D:4      | Killed Edmund
  4187 | D:4      | Reached XP level 7. HP: 6/41 MP: 7/7
  4874 | D:4      | HP: 2/41 [gnoll (8)]
  5702 | D:4      | Found a stormy altar of Qazlal.
  5921 | D:5      | Entered Level 5 of the Dungeon
  6122 | D:5      | HP: 2/41 [ice beast (13)]
  6139 | D:5      | HP: 1/41 [ice beast (3)]
  6139 | D:5      | Mangled by an ice beast

Skill      XL: |  1  2  3  4  5  6  7 |
---------------+----------------------+-----
Stealth        | 6 7 |  7.8
Throwing       | 3 4 5 6 |  6.7
Short Blades   | 3 |  3.6
Fighting       | 3 |  3.2
Dodging        | |  1.2

Action                   |  1- 3 |  4- 6 |  7- 9 || total
-------------------------+-------+-------+-------++-------
Melee: Dagger            |    51 |   198 |    45 ||   294
       Blowgun           |     1 |       |       ||     1
 Fire: Blowgun           |    37 |    52 |    42 ||   131
  Use: Potion            |     3 |     4 |     2 ||     9
       Scroll            |     1 |     4 |     6 ||    11
 Stab: Sleeping          |     1 |     7 |     2 ||    10
  Eat: Chunk             |     9 |     7 |     1 ||    17
Armor: Robe              |    21 |    17 |       ||    38
       Leather armour    |       |     2 |    15 ||    17
Dodge: Dodged            |    55 |   111 |    45 ||   211
